 Dungeon Crawl Stone Soup version 0.19.0-2-gae57169 (webtiles) character file.

6659 Exaltedone87 the Fighter (level 10, -7/130 (132) HPs)
             Began as a Demonspawn Berserker on Nov 6, 2016.
             Was an Elder of Trog.
             Mangled by a 14-headed hydra (8 damage)
             ... on level 11 of the Dungeon.
             The game lasted 00:38:31 (9555 turns).

Exaltedone87 the Fighter (Demonspawn Berserker)     Turns: 9555, Time: 00:38:32

HP:   -7/130 (132)  AC: 13    Str: 28    XL:     10   Next: 73%
MP:   0/10          EV: 16    Int:  8    God:    Trog [****..]
Gold: 539           SH: 10    Dex: 14    Spells: 0 memorised, 9 levels left

rFire  + . .     SeeInvis +     a - +2 falchion of Gehenna {pain, rC+ Str+3}
rCold  + + +     Gourm    .     y - +3 scale mail {rF+}
rNeg   . . .     Faith    .     r - +2 buckler {rC+}
rPois  +         Spirit   +     (no helmet)
rElec  .         Reflect  +     (no cloak)
rCorr  .         Harm     .     j - +0 pair of gloves
MR     .....                    k - +0 pair of boots
Stlth  ..........               s - +5 amulet of reflection
                                z - ring of see invisible
                                f - ring of poison resistance

@: berserking (expiring), very quick
A: claws 2, repulsion field 1, cold resistance 1, robust 1, magic shield, magic
regeneration, freezing cloud immunity
a: Berserk, Trog's Hand, Brothers in Arms, Burn Spellbooks, Renounce Religion


You were on level 11 of the Dungeon.
You worshipped Trog.
Trog was greatly pleased with you.
You were not hungry.

You visited 1 branch of the dungeon, and saw 11 of its levels.

You collected 539 gold pieces.

Inventory:

Hand Weapons
 a - the +2 falchion of Gehenna (weapon) {pain, rC+ Str+3}
   (You found it on level 5 of the Dungeon)

   In the hands of one skilled in necromantic magic, it inflicts extra damage on
   living creatures.
   It affects your strength (+3).
   It protects you from cold.
 g - a +0 flail of crushing
Missiles
 n - 2 throwing nets (quivered)
Armour
 j - a +0 pair of gloves (worn)
 k - a +0 pair of boots (worn)
 r - a +2 buckler of cold resistance (worn)
 y - a +3 scale mail of fire resistance (worn)
Jewellery
 f - a ring of poison resistance (left hand)
 o - an uncursed ring of resist corrosion {unknown}
 p - an uncursed ring of fire {unknown}
 s - a +5 amulet of reflection (around neck)
 z - a ring of see invisible (right hand)
Scrolls
 d - 2 scrolls of blinking
 e - 6 scrolls of fog
 l - 2 scrolls of identify
 m - 3 scrolls of remove curse
 u - 3 scrolls of recharging
 w - 5 scrolls of teleportation
 x - a scroll of fear
Potions
 b - 2 potions of brilliance
 c - a potion of haste
 h - 2 potions of invisibility
 i - 5 potions of curing
Comestibles
 q - a meat ration
 t - a slice of pizza
 v - a bread ration


   Skills:
 + Level 8.1 Fighting
 * Level 8.1 Long Blades
 - Level 5.0 Maces & Flails
 + Level 7.1 Armour
 + Level 7.2 Dodging


You had 9 spell levels left.
You didn't know any spells.

Dungeon Overview and Level Annotations

Branches:
Dungeon (11/15)            Temple (0/1) D:7            Lair (0/6) D:10
    Orc: D:9-12

Altars:
Dithmenos
Fedhas
Hepliaklqana
Makhleb
Ru
Trog
Uskayaw


Innate Abilities, Weirdness & Mutations

You have very sharp fingernails.
You are surrounded by a mild repulsion field. (EV +2)
Your flesh is cold resistant. (rC+)
You are robust. (+10% HP)
When hurt, damage is shared between your health and your magic reserves.
You regenerate magic rapidly.
You are immune to freezing clouds.


Message History

The 14-headed hydra is moderately wounded.
The 14-headed hydra bites you.
* * * LOW HITPOINT WARNING * * *
The 14-headed hydra barely misses you.
You block the 14-headed hydra's attack. x2
The 14-headed hydra bites you.
* * * LOW HITPOINT WARNING * * *
The 14-headed hydra bites you.
* * * LOW HITPOINT WARNING * * *
The 14-headed hydra closely misses you.
The 14-headed hydra bites you but does no damage.
The 14-headed hydra bites you!
* * * LOW HITPOINT WARNING * * *
The 14-headed hydra bites you.
* * * LOW HITPOINT WARNING * * *
The 14-headed hydra bites you.
* * * LOW HITPOINT WARNING * * *
The 14-headed hydra closely misses you. The 14-headed hydra bites you.
* * * LOW HITPOINT WARNING * * *
The 14-headed hydra bites you!
You die...

#..###.#.###.#
#......#.....#
#............
#..........
######### .......#
........#####)..#
#.........†).####.#
#.###.######.....#
# #.# #.# #@####.#
#.##.###.# #D#
#....>...#


#YFY# ####.##### #..YY.# #..## #.......# ##...####.........#
####.......+.........+ #.......####.........# #.###...# ##.......## You could
see a 14-headed hydra, 4 yaks and a bullfrog.

Vanquished Creatures
  An unseen horror (D:10)
  2 hill giants
  A troll (D:10)
  Prince Ribbit (D:5)
  2 hippogriffs
  Eustachio (D:4)
  A yak (D:11)
  Menkaure (D:5)
  Edmund (D:4)
  2 ice beasts (D:6)
  2 orc warriors
  3 sky beasts
  A phantom (D:11)
  A black bear (D:7)
  A necrophage (D:9)
  An ogre (D:9)
  4 centaurs
  5 bullfrogs
  3 scorpions
  3 killer bees (D:10)
  An electric eel (D:6)
  A howler monkey (D:9)
  2 crimson imps
  A bullfrog zombie (D:8)
  2 centaur zombies
  A quasit (D:6)
  5 hounds
  6 jellies
  3 orc priests
  3 centaur skeletons
  A gnoll shaman (D:4)
  4 orc wizards
  Jessica (D:3)
  Natasha (thrice) (D:3)
  8 worker ants
  A worker ant zombie (D:11)
  14 gnolls
  A howler monkey skeleton (D:11)
  8 adders
  2 shadow imps (D:9)
  3 oozes
  4 worms
  4 dart slugs (D:1)
  3 leopard geckos
  31 orcs
  A ball python (D:5)
  2 giant cockroaches
  11 goblins
  11 hobgoblins
  3 kobolds
  7 quokkas
  11 bats
  2 frilled lizards
  5 rats
203 creatures vanquished.

Vanquished Creatures (others)
  A centaur (D:6)
  An orc (D:10)
2 creatures vanquished.

Grand Total: 205 creatures vanquished

Notes
Turn   | Place    | Note
-------+----------+-------------------------------------------
     0 | D:1      | Exaltedone87 the Demonspawn Berserker began the quest for the Orb.
     0 | D:1      | Reached XP level 1. HP: 18/18 MP: 1/1
   283 | D:1      | Gained mutation: You are surrounded by a mild repulsion field. (EV +2) [demonic ancestry]
   283 | D:1      | Reached XP level 2. HP: 23/24 MP: 2/2
  1020 | D:1      | Gained mutation: When hurt, damage is shared between your health and your magic reserves. [demonic ancestry]
  1020 | D:1      | Reached XP level 3. HP: 29/29 MP: 3/3
  1532 | D:2      | Reached ** piety under Trog
  1954 | D:2      | Gained mutation: You have sharp fingernails. [demonic ancestry]
  1954 | D:2      | Reached XP level 4. HP: 32/35 MP: 4/4
  2185 | D:3      | Noticed Natasha
  2206 | D:3      | Killed Natasha
  2559 | D:3      | Noticed Natasha
  2563 | D:3      | Gained mutation: You have very sharp fingernails. [demonic ancestry]
  2563 | D:3      | Reached XP level 5. HP: 41/41 MP: 5/5
  2570 | D:3      | Killed Natasha
  2619 | D:3      | Noticed Natasha
  2638 | D:3      | Killed Natasha
  2743 | D:3      | Noticed Jessica
  2760 | D:3      | Killed Jessica
  2941 | D:4      | Noticed Eustachio
  2948 | D:4      | Killed Eustachio
  2948 | D:4      | Gained mutation: You regenerate magic rapidly. [demonic ancestry]
  2948 | D:4      | Reached XP level 6. HP: 48/48 MP: 6/6
  3321 | D:4      | Reached *** piety under Trog
  3322 | D:4      | Noticed Edmund
  3337 | D:4      | Killed Edmund
  3337 | D:4      | Reached XP level 7. HP: 55/55 MP: 7/7
  3358 | D:4      | Found a hazy altar of Hepliaklqana.
  3358 | D:4      | Found a hide-covered altar of Uskayaw.
  3376 | D:4      | Found a blossoming altar of Fedhas.
  3378 | D:4      | Found a burning altar of Makhleb.
  3378 | D:4      | Found a bloodstained altar of Trog.
  3379 | D:4      | Found a shadowy altar of Dithmenos.
  3390 | D:4      | You fall through a shaft!
  3390 | D:5      | Entered Level 5 of the Dungeon
  3834 | D:5      | Noticed Menkaure
  3839 | D:5      | Reached skill level 5 in Fighting
  3867 | D:5      | Killed Menkaure
  3867 | D:5      | Reached skill level 5 in Maces & Flails
  4108 | D:5      | Got a steaming falchion
  4109 | D:5      | Identified the cursed +2 falchion of Gehenna {pain, rC+ Str+3} (You found it on level 5 of the Dungeon)
  4239 | D:5      | Noticed Prince Ribbit
  4647 | D:5      | Killed Prince Ribbit
  4647 | D:5      | Reached skill level 1 in Long Blades
  4647 | D:5      | Gained mutation: Your flesh is cold resistant. (rC+) [demonic ancestry]
  4647 | D:5      | Reached XP level 8. HP: 63/63 MP: 8/8
  4792 | D:6      | Reached skill level 5 in Dodging
  5033 | D:6      | Reached skill level 5 in Armour
  5683 | D:6      | Gained mutation: You are immune to freezing clouds. [demonic ancestry]
  5683 | D:6      | Reached XP level 9. HP: 65/69 MP: 9/9
  5730 | D:7      | Found a staircase to the Ecumenical Temple.
  6307 | D:8      | Reached **** piety under Trog
  6410 | D:8      | Reached skill level 5 in Long Blades
  6688 | D:8      | Found a sacrificial altar of Ru.
  8029 | D:9      | You fall through a shaft!
  8029 | D:10     | Entered Level 10 of the Dungeon
  8254 | D:10     | Noticed a hill giant
  8264 | D:10     | Killed a hill giant
  8264 | D:10     | Gained mutation: You are robust. (+10% HP) [demonic ancestry]
  8264 | D:10     | Reached XP level 10. HP: 65/85 MP: 5/10
  8361 | D:10     | Noticed an unseen horror
  8392 | D:10     | Killed an unseen horror
  8640 | D:10     | Found a staircase to the Lair.
  9363 | D:11     | Noticed a hill giant
  9396 | D:11     | Killed a hill giant
  9532 | D:11     | Noticed a seven-headed hydra
  9555 | D:11     | HP: 6/130 [14-headed hydra (1)]
  9555 | D:11     | HP: 1/130 [14-headed hydra (4)]
  9555 | D:11     | Mangled by a 14-headed hydra

Skill      XL: |  1  2  3  4  5  6  7  8  9 10 |
---------------+-------------------------------+-----
Armour         | 2 3 4 5 6 7 |  7.1
Dodging        | 2 3 4 5 6 7 |  7.2
Maces & Flails | 3 4 5 |  5.0
Fighting       | 4 5 6 7 8 |  8.1
Long Blades    | 1 4 6 8 |  8.1

Action                   |  1- 3 |  4- 6 |  7- 9 | 10-12 || total
-------------------------+-------+-------+-------+-------++-------
Melee: Mace              |   144 |   157 |       |       ||   301
       Whip              |       |    51 |   148 |       ||   199
       Falchion          |       |       |   457 |   218 ||   675
Throw: Tomahawk          |       |     5 |     1 |       ||     6
       Throwing net      |       |       |       |     2 ||     2
Invok: Berserk           |     2 |     4 |     7 |     3 ||    16
       Trog's Hand       |       |     2 |     4 |     4 ||    10
       Burn Spellbooks   |       |     1 |       |     1 ||     2
  Use: Scroll            |     3 |     3 |    12 |     1 ||    19
       Potion            |     2 |     2 |     4 |       ||     8
 Stab: Sleeping          |     1 |     1 |       |       ||     2
  Eat: Bread ration      |     2 |     1 |     4 |     1 ||     8
       Pizza             |     1 |       |     1 |     1 ||     3
       Beef jerky        |       |       |     1 |       ||     1
       Meat ration       |       |       |     1 |       ||     1
       Royal jelly       |       |       |     1 |       ||     1
Armor: Animal skin       |    29 |       |       |       ||    29
       Leather armour    |     8 |    15 |       |       ||    23
       Ring mail         |       |    47 |   137 |       ||   184
       Scale mail        |       |       |    42 |    65 ||   107
Dodge: Dodged            |   116 |   171 |   356 |   155 ||   798
Block: Other             |       |    17 |       |       ||    17
       Buckler           |       |    13 |   340 |   146 ||   499
       Reflection        |       |       |     9 |       ||     9
       Rpst.: Falchion   |       |       |    75 |    47 ||   122
